Map: Odyssey LE

Players

JonSnow

  • Race: Zerg Zerg
  • Spawn Location: 5:00

Cham - Winner!

  • Race: Zerg Zerg
  • Spawn Location: 11:00

Event: WCS Jonkoping 2017

VOD

Have the link to the VOD?

Description

Time

  • Played on: June 17, 2017, 1:42 p.m.
  • Length: 11:25

All games in this series

Show
View Real Time Build Order
Export as new Build Order

JonSnow Zerg 

Build Orders: Hatch First 

Get SALT Encoding   

  12  0:00  Drone  
  13  0:12  Overlord  
  13  0:17  Drone  
  14  0:30  Drone  
  14  0:31  Drone  
  14  0:34  Drone  
  17  0:53  Hatchery  
  17  0:55  Drone  
  17  0:59  Drone  
  18  1:09  Extractor  
  17  1:15  Spawning Pool  
  17  1:16  Drone  
  17  1:20  Drone  
  18  1:28  Overlord  
  18  1:39  Drone  
  19  2:00  Drone  
  20  2:02  Queen  
  20  2:03  Zergling x2  
  20  2:04  Queen  
  20  2:05  Zergling x2  
  26  2:09  Metabolic Boost  
  26  2:12  Drone  
  27  2:16  Drone  
  28  2:25  Drone  
  28  2:27  Drone  
  30  2:38  Hatchery  
  29  2:50  Drone  
  29  2:51  Drone x3  
  33  2:56  Baneling Nest  
  32  3:02  Overlord  
  32  3:07  Zergling x4  
  32  3:12  Zergling x2  
  35  3:16  Zergling x2  
  36  3:23  Zergling x10  
  41  3:28  Zergling x2  
  41  3:33  Zergling x2  
  43  3:39  Zergling x2  
  43  3:41  Baneling x5  
  43  3:46  Extractor, Drone x2, Roach Warren  
  43  3:54  Queen  
  45  3:56  Drone  
  45  3:58  Drone  
  47  4:08  Drone x3  
  48  4:16  Overlord x2  
  48  4:25  Overlord x2  
  48  4:26  Drone  
  49  4:43  Roach  
  49  4:44  Roach x4  
  57  4:50  Drone  
  57  4:51  Roach x2  
  62  4:58  Roach x2  
  62  4:59  Roach  
  68  5:03  Roach  
  68  5:04  Roach  
  71  5:08  Drone  
  71  5:10  Roach  
  74  5:15  Roach x2  
  74  5:20  Roach  
  74  5:21  Roach  
  81  5:30  Zergling x2  
  81  5:32  Overlord x2  
  81  5:41  Baneling  
  81  5:42  Baneling x6  
  81  5:43  Baneling  
  81  5:49  Baneling  
  81  5:52  Zergling x14  
  88  5:57  Zergling x6  
  91  6:10  Zergling x14  
  88  6:16  Zergling x6  
  84  6:20  Roach  
  84  6:21  Zergling x2  
  84  6:24  Ravager  
  88  6:26  Ravager  
  88  6:28  Zergling x2  
  88  6:29  Zergling x4  
  92  6:33  Zergling x6  
  92  6:37  Baneling x2  
  92  6:38  Baneling  
  92  6:39  Zergling x2  
  96  6:46  Zergling x2  
  97  6:47  Zergling x2  
  97  6:48  Baneling x3  
  88  7:06  Zergling x2  
  88  7:07  Zergling x22  
  91  7:15  Zergling x10  
  86  7:16  Ravager  
  86  7:19  Zergling x4  
  85  7:26  Ravager  
  85  7:27  Zergling x6  
  87  7:34  Zergling x6  
  80  7:38  Zergling x4  
  77  7:45  Roach  
  77  7:50  Roach x2  
  77  7:57  Baneling x6  
  76  8:00  Roach x3  
  82  8:12  Roach x3  
  83  8:17  Roach  
  72  8:32  Zergling x2, Roach x5  
  72  8:33  Zergling x10  
  83  8:40  Drone  
  83  8:41  Drone  
  82  8:46  Roach  
  84  8:48  Extractor, Roach  
  84  8:52  Overlord  
  85  8:56  Overlord  
  85  9:07  Drone  
  85  9:08  Drone x2  
  88  9:11  Drone x2  
  88  9:12  Drone  
  91  9:20  Roach x3  
  91  9:23  Roach  
  99  9:27  Overlord  
  99  9:34  Roach x3  
  104  9:39  Roach x2  
  104  9:43  Roach x2  
  111  9:49  Roach  
  111  9:50  Roach  
  111  9:51  Overlord  
  115  9:54  Overlord  
  115  10:00  Overlord  
  115  10:01  Overlord  
  115  10:12  Overlord  
  115  10:15  Roach x3  
  115  10:17  Zergling x2  
  115  10:20  Zergling x8  
  126  10:23  Roach  
  126  10:24  Roach  
  130  10:32  Roach  
  130  10:33  Zergling x4, Roach x2  
  138  10:38  Overlord  
  138  10:43  Baneling x6  
  138  10:50  Overlord x2  
  138  10:53  Baneling x5  
  138  10:56  Zergling x4  
  139  11:05  Zergling x2, Roach x3  
Show
View Real Time Build Order
Export as new Build Order

Cham Zerg - Winner!

Build Orders: Hatch First 

Get SALT Encoding   

  12  0:01  Drone  
  13  0:08  Drone  
  14  0:17  Overlord  
  15  0:35  Drone x2  
  15  0:36  Drone  
  17  0:51  Hatchery  
  17  0:55  Drone  
  17  0:58  Drone  
  17  1:02  Extractor  
  17  1:13  Spawning Pool  
  17  1:17  Drone  
  17  1:20  Drone  
  18  1:29  Drone  
  19  1:41  Overlord  
  19  2:02  Queen, Metabolic Boost  
  19  2:03  Queen  
  19  2:05  Zergling x4  
  19  2:08  Zergling x2  
  26  2:14  Spine Crawler  
  25  2:16  Drone  
  25  2:20  Drone  
  27  2:25  Drone  
  27  2:29  Overlord  
  28  2:36  Drone x2  
  30  2:46  Queen  
  30  2:50  Drone x2  
  35  2:56  Drone  
  36  3:04  Hatchery  
  35  3:09  Overlord  
  35  3:13  Zergling x6  
  35  3:16  Zergling x2  
  35  3:17  Zergling x2  
  40  3:25  Roach Warren  
  39  3:29  Drone x2  
  39  3:32  Drone x2  
  43  3:37  Drone  
  43  3:39  Overlord  
  44  3:46  Overlord  
  44  3:50  Overlord  
  44  3:57  Drone x2  
  44  3:59  Drone x2  
  44  4:01  Overlord  
  48  4:08  Roach x2  
  48  4:09  Roach  
  53  4:14  Roach  
  53  4:15  Roach  
  56  4:18  Roach  
  58  4:24  Roach  
  58  4:25  Roach, Overlord  
  62  4:31  Drone  
  62  4:35  Roach  
  62  4:37  Drone x4  
  69  4:39  Drone  
  69  4:40  Drone  
  69  4:45  Drone  
  72  4:50  Drone x2  
  72  4:51  Extractor, Overlord  
  73  4:53  Drone  
  73  4:59  Drone x2, Overlord  
  76  5:04  Drone x2  
  78  5:09  Extractor  
  78  5:13  Drone x5  
  82  5:17  Overlord  
  82  5:18  Drone  
  83  5:24  Overlord  
  83  5:26  Evolution Chamber  
  83  5:28  Drone x2  
  84  5:29  Drone x2, Overlord  
  84  5:31  Drone  
  84  5:33  Roach  
  88  5:36  Roach  
  88  5:39  Roach  
  88  5:40  Roach  
  94  5:45  Spine Crawler  
  94  5:46  Spine Crawler, Roach  
  94  5:48  Roach  
  98  5:50  Roach  
  98  5:51  Roach  
  98  5:52  Roach  
  98  5:53  Roach  
  98  5:54  Roach  
  106  5:57  Roach x2  
  106  5:59  Roach  
  106  6:02  Roach  
  114  6:05  Roach x2  
  114  6:07  Roach  
  114  6:10  Roach  
  111  6:15  Roach  
  111  6:18  Roach  
  101  6:20  Roach  
  101  6:24  Roach, Overlord  
  103  6:25  Roach  
  103  6:30  Roach  
  103  6:31  Overlord  
  105  6:36  Roach x2  
  109  6:40  Overlord  
  109  6:41  Roach  
  109  6:42  Queen, Roach  
  115  6:53  Roach x2  
  119  7:01  Roach  
  113  7:02  Roach x2  
  113  7:05  Roach  
  103  7:13  Roach x2  
  103  7:15  Roach x3  
  97  7:16  Queen  
  97  7:17  Queen x2  
  97  7:20  Roach  
  93  7:25  Roach  
  93  7:27  Roach  
  93  7:28  Roach  
  93  7:34  Roach  
  93  7:35  Zergling x2  
  90  7:42  Roach  
  81  7:52  Queen x2, Roach  
  81  7:53  Queen  
  81  7:54  Zergling x4  
  91  8:02  Zergling x6, Roach x2  
  98  8:07  Roach  
  98  8:08  Roach  
  101  8:13  Roach  
  101  8:18  Roach  
  94  8:24  Roach  
  86  8:28  Zergling x10  
  86  8:29  Zergling x4  
  93  8:34  Drone x5  
  93  8:36  Extractor  
  93  8:37  Extractor  
  93  8:38  Drone  
  92  8:42  Drone x2  
  94  8:52  Drone x2  
  94  8:53  Drone  
  97  8:55  Extractor  
  97  8:56  Drone x3  
  97  8:57  Zerg Missile Weapons Level 1  
  97  9:00  Drone  
  97  9:01  Overlord  
  100  9:04  Drone  
  100  9:05  Drone x3  
  104  9:12  Hatchery  
  104  9:13  Drone  
  104  9:16  Drone x2  
  106  9:17  Lair  
  106  9:19  Drone  
  106  9:20  Drone x2  
  106  9:23  Drone  
  110  9:24  Ravager  
  110  9:25  Ravager x2  
  110  9:27  Ravager  
  110  9:29  Overlord  
  110  9:30  Hatchery  
  113  9:36  Drone x3  
  113  9:37  Roach, Overlord  
  118  9:43  Roach x2  
  118  9:44  Roach  
  118  9:45  Roach  
  126  9:47  Roach  
  126  9:49  Roach  
  126  9:52  Overlord  
  129  9:56  Roach x2  
  129  9:58  Overlord  
  133  10:01  Roach x2  
  133  10:05  Overlord  
  133  10:06  Roach  
  139  10:10  Overlord  
  139  10:13  Roach x2  
  142  10:15  Roach x2  
  142  10:17  Roach  
  148  10:21  Roach x2  
  148  10:24  Roach  
  148  10:25  Roach  
  148  10:28  Roach  
  158  10:32  Spire  
  156  10:38  Roach x3  
  156  10:40  Overlord  
  162  10:43  Roach x3  
  162  10:48  Roach x2  
  172  10:53  Roach x2  
  176  11:00  Roach x4  
  176  11:03  Roach  
Tags
 
Add a new tag
Caveats
  • Supply blocks, unpowered buildings, or Contaminate may cause inaccurate times.
  • Supply counts are checked every 10 seconds.